[Event "Fagernes Chess GM-Swiss 2025"]
[Site "Fagernes"]
[Date "2025.04.14"]
[Round "2.10"]
[White "Urazayev, Arystanbek"]
[Black "Adharsh K"]
[Result "1-0"]
[Annotator "RC"]
[ECO "B53"]
[WhiteElo "2467"]
[BlackElo "2317"]
[PlyCount "111"]
[EventDate "2025.04.12"]
[EventCountry "NOR"]
[SourceTitle "playchess.com"]
[Source "ChessBase"]
[SourceQuality "1"]
[TimeControl "40/6000+30:2400+30"]

1. e4 c5 2. Nf3 d6 3. d4 cxd4 4. Qxd4 Nf6 5. Nc3 Nc6 6. Qe3 g6 7. h3 Bg7 8. Bc4 O-O 9. O-O Be6 10. Bxe6 fxe6 11. Rd1 e5 12. Nd5 Kh8 13. c3 Nh5 14. Qd3 Qd7 15. a4 Rad8 16. a5 e6 17. Nb4 h6 18. a6 Nxb4 19. cxb4 b6 20. Ra3 Qf7 21. Qe2 Nf6 22. Rad3 Qc7 23. Rc3 Qe7 24. Rc6 Kh7 25. b5 Ne8 26. b3 d5 27. Bb2 d4 28. Ne1 Qb4 29. Qc4 Qxc4 30. bxc4 Nf6 31. f3 Rc8 32. Rxe6 Rfe8 33. Rd6 Rxc4 34. Nd3 Re7 35. Rd8 Re8 36. Rd6 Re7 37. Ba3 Re8 38. Rc6 Rxc6 39. bxc6 Rc8 40. Nxe5 Nxe4 41. Rxd4 Nc3 42. Rd7 Nb5 43. Bb2 Kg8 44. Nxg6 Bf8 45. Nxf8 Kxf8 46. Rd5 Nc7 47. Rd6 Nxa6 48. Rxh6 Kf7 49. Rh7+ Ke6 50. Rxa7 Nb4 51. Rh7 Nxc6 52. Rb7 Rb8 53. Rxb8 Nxb8 54. h4 b5 55. h5 Kf7 56. g4 1-0

[Event "Fagernes Chess GM-Swiss 2025"]
[Site "Fagernes"]
[Date "2025.04.14"]
[Round "2.11"]
[White "Vijayakumar, Rishi"]
[Black "Hillarp Persson, Tiger"]
[Result "1-0"]
[Annotator "RC"]
[ECO "E73"]
[WhiteElo "2317"]
[BlackElo "2462"]
[PlyCount "69"]
[EventDate "2025.04.12"]
[EventCountry "NOR"]
[SourceTitle "playchess.com"]
[Source "ChessBase"]
[SourceQuality "1"]
[TimeControl "40/6000+30:2400+30"]

1. d4 Nf6 2. c4 g6 3. Nc3 Bg7 4. e4 d6 5. Be2 O-O 6. Be3 e5 7. d5 Na6 8. h3 Nc5 9. Qc2 a5 10. O-O-O Bd7 11. Nf3 Qe8 12. g4 a4 13. Nd2 Na6 14. Rdg1 c6 15. a3 h6 16. h4 Nh7 17. Nf1 Qe7 18. Ng3 Nc5 19. g5 Nb3+ 20. Kb1 Nd4 21. Qd2 hxg5 22. hxg5 c5 23. Rh2 Rfb8 24. Nb5 Bxb5 25. cxb5 Qd7 26. Rh4 Nf8 27. Rgh1 Nxe2 28. Qxe2 Ra5 29. Qf3 Qd8 30. Nf5 gxf5 31. exf5 f6 32. g6 Qd7 33. Bh6 Nxg6 34. fxg6 e4 35. Qf4 1-0

[Event "Fagernes Chess GM-Swiss 2025"]
[Site "Fagernes"]
[Date "2025.04.14"]
[Round "2.12"]
[White "Ghosh, Diptayan"]
[Black "Myagmarsuren, Evsuld"]
[Result "1-0"]
[Annotator "TA"]
[ECO "D46"]
[WhiteElo "2573"]
[BlackElo "2305"]
[PlyCount "133"]
[EventDate "2025.04.12"]
[EventCountry "NOR"]
[SourceTitle "playchess.com"]
[Source "ChessBase"]
[SourceQuality "1"]
[TimeControl "40/6000+30:2400+30"]

1. d4 d5 2. c4 c6 3. Nf3 Nf6 4. e3 e6 5. Bd3 Nbd7 6. O-O dxc4 7. Bxc4 Bd6 8. Nc3 b5 {[%emt 0:00:12] D46: Semi-Slav: 5 e3 Nbd7 6 Bd3, Black avoids the Meran.} 9. Bb3 b4 {[%emt 0:00:15] 9...b4 is better than 9...0-0.} 10. Na4 O-O {[%emt 0:00:06] White is slightly better.} 11. Re1 e5 $146 (11... c5 12. Bd2 Rb8 13. Rc1 Qe7 14. e4 e5 15. Nh4 g6 16. dxe5 Nxe5 17. f4 Nfg4 {0-1 McCoy,O (2085)-Vivekananthan,A (2350) Titled Tuesday intern op 26th Jul Early blitz 2022 (5)}) 12. e4 Qc7 13. h3 c5 14. dxc5 Nxc5 15. Nxc5 Bxc5 16. Bg5 Qb6 17. Qc2 (17. Nxe5 Bxf2+ 18. Kh1 Bxe1 19. Qxe1 Bb7 20. Bxf6 Qxf6 $17) 17... Be6 18. Nxe5 Rfc8 19. Nd3 Be7 20. Qd1 a5 21. Qf3 ({White should play} 21. e5 $1 {Bxe6 would now be deadly.} Bxb3 22. axb3) 21... Bxb3 $16 22. axb3 Qe6 23. e5 Nd5 24. Bxe7 Nxe7 25. Nf4 Qc6 26. Qg4 {[%emt 0:02:49] White is more active.} Ng6 27. e6 Nxf4 28. exf7+ Kxf7 {[%emt 0:00:16] And now ...Ng6 would win.} 29. Qxf4+ Qf6 (29... Kg8 $16) 30. Qe4 $1 $18 Kg8 {[%emt 0:02:16][%cal Og8h8] [#]} 31. Rac1 {[%emt 0:04:33] Black is weak on the light squares} (31. Qd5+ $142 $1 Qf7 32. Rxa5 Rxa5 33. Qxa5) 31... Qf7 32. Qd3 Rd8 33. Qg3 Rd7 34. Rc5 h6 35. Rce5 Kh7 36. Qe3 Ra6 37. h4 Qg6 38. Qc5 Rf7 (38... Qd6 $14) 39. h5 $16 Qf6 40. Qc2+ g6 (40... Kh8 $16 41. Qe2 Ra8) 41. Rc5 $18 Kg7 42. Re3 $36 {[%emt 0:06:55][%mdl 2048] White has strong initiative.} Re6 43. Rxe6 Qxe6 {[%emt 0:00:31][%mdl 4096] Endgame KQR-KQR. White is a pawn up.} 44. g3 gxh5 45. Rxh5 (45. Rxa5 h4 46. Kg2 (46. gxh4 Qg4+ 47. Kf1 Qxh4 $11) 46... Qg4 $11) 45... a4 46. bxa4 Qe1+ 47. Kg2 b3 {[%emt 0:00:08] [#]} 48. Qc3+ (48. Qxb3 $2 Rxf2+ 49. Kh3 Qf1+ 50. Kh4 Rh2+ 51. Kg4 Qe2+ 52. Qf3 Qxf3+ (52... Qxb2 53. Rxh2 Qxh2 54. Qc3+ Kf7 55. a5 $16) 53. Kxf3 Rxh5 $19) (48. Qc5 Qe4+ 49. Kg1 (49. Kh2 Qf3 $11) 49... Qb1+ 50. Kg2 Qe4+ 51. Kh2 Qf3 $11) 48... Qxc3 49. bxc3 {[%emt 0:00:01] KR-KR. White is two pawns up.} Rc7 $2 {[%emt 0:01:24] Loses the game.} (49... Rb7 $16 {might work better.} 50. Rh1 Rc7) 50. Rb5 Rxc3 51. a5 Rd3 $2 (51... Kf7 52. a6 Rc6) 52. Rb7+ {[%emt 0:01:41] White is clearly winning.} Kg6 53. Rb6+ (53. a6 $142 {Intending a7 and mate.} Rd2 54. Rxb3 (54. Rb6+ Kg5 $18)) 53... Kg5 (53... Kf5 $142 54. a6 (54. Rxh6 Rd5 $18) 54... Rd2 55. Rxh6 (55. Rxb3 Ra2 $18) (55. Rb5+ Kg6 $18) 55... Ra2 56. Rh5+ Kf6) 54. a6 b2 55. Rxb2 Ra3 {[%emt 0:00:04] Wards off Ra2} 56. Rb5+ Kg6 57. Rb6+ Kg5 58. Kh3 Kh5 59. Rc6 (59. f4 Rxg3+ 60. Kh2 Ra3 $16) 59... Kg5 60. Kg2 Kh5 (60... h5 $142 61. f4+ Kf5) 61. f3 Kg5 62. g4 Ra2+ 63. Kg3 Ra3 64. Rb6 h5 65. Rb5+ Kf6 66. Rxh5 Rxa6 67. Rb5 {[%emt 0:00:12] Weighted Error Value: White=0.18 (very precise) /Black=0.51  Loses game:     	---       	Black=1      Mistake:       	White=2     	Black=4      Inaccurate:     	White=2     	Black=3      OK:         	White=24    	Black=18     Best:        	White=4     	Black=3      Strong:       	White=1     	---} 1-0

[Event "Fagernes Chess GM-Swiss 2025"]
[Site "Fagernes"]
[Date "2025.04.14"]
[Round "2.13"]
[White "Eliseev, Sergey"]
[Black "Makhnev, Denis"]
[Result "0-1"]
[Annotator "TA"]
[ECO "B31"]
[WhiteElo "2226"]
[BlackElo "2537"]
[PlyCount "110"]
[EventDate "2025.04.12"]
[EventCountry "NOR"]
[SourceTitle "playchess.com"]
[Source "ChessBase"]
[SourceQuality "1"]
[TimeControl "40/6000+30:2400+30"]

1. e4 c5 2. Nf3 Nc6 3. Bb5 Nf6 4. Nc3 g6 5. O-O Bg7 6. d3 O-O 7. Be3 d6 8. Bxc6 bxc6 9. h3 e5 10. Ne2 $146 {[%emt 0:13:01] B31: Sicilian: 2...Nc6 3 Bb5 g6.} (10. Qd2 Nh5 11. Ne2 f5 12. exf5 gxf5 13. Bh6 f4 14. Bxg7 Nxg7 15. Kh2 Be6 16. b3 Qf6 17. Rae1 Bd5 {0-1 Hjartarson,J (2460)-Safarli,E (2609) EU-ch Blitz Zagreb 2023 (5)}) 10... Nh5 11. Ng3 Nf4 12. Qd2 {[%emt 0:03:14] Black has an edge.} Qf6 13. Nh2 h5 14. Ne2 Bh6 15. Kh1 Kh7 ({Better is} 15... g5 $11) 16. g3 $14 d5 $1 17. gxf4 d4 18. fxe5 (18. f5 $5 dxe3 19. fxe3 $15) 18... dxe3 19. exf6 exd2 20. Kg2 c4 21. d4 (21. dxc4 {feels stronger.} Re8 22. Nc3) 21... Rb8 $11 22. Rab1 Re8 $36 {[%emt 0:01:46][%mdl 2048] Black fights for an advantage.} 23. f3 Re6 24. Rfd1 Rxf6 25. Nf1 c5 26. d5 (26. Nxd2 {simplifies} cxd4 27. Nxc4 Ba6 28. b3) 26... Rfb6 27. b3 Ra6 $1 (27... cxb3 28. axb3 Ra6 (28... Ba6 29. Kf2 $16) 29. Nxd2 $14) 28. f4 (28. a4 $1 $11 {remains equal.}) 28... Rxa2 $17 {[%emt 0:11:00] Black plays on the queen side and is better Black has more active pieces.} 29. Rxd2 cxb3 (29... a5 $17 30. d6 Be6) 30. Rxb3 $11 Rb4 31. Re3 g5 32. d6 gxf4 33. Rf3 (33. d7 $2 Bxd7 (33... fxe3 34. dxc8=Q exd2 35. Qd7 $11) 34. Rf3 Bc6 $19 (34... Rxe4 35. Nc3 $15)) 33... Rc4 (33... Rxe4 $2 34. Nc3 (34. d7 $2 Rxe2+ 35. Rxe2 Bxd7 $19) 34... Bb7 (34... Rea4 $2 35. Nxa4 Rxa4 36. d7 $18) 35. d7 $18 (35. Nxa2 Ra4 $18)) 34. c3 (34. d7 $2 Bxd7 35. Nc3 (35. Rxd7 $2 Rcxc2 36. Rf2 Kg8 $19) 35... Ra3 36. Rxd7 Rcxc3 $19 (36... Raxc3 37. Rxf7+ Kg6 38. Rxa7 $19)) 34... Rca4 {[%emt 0:00:28] [#]} 35. Kf2 $1 (35. Nxf4 $2 Rxd2+ 36. Nxd2 Ra2 $19) (35. d7 Bxd7 36. Rxd7 Rxe2+ 37. Rf2 Rxf2+ (37... Raxe4 $2 38. Rxf7+ Kg6 39. Rxa7 $19) 38. Kxf2 Kg6 (38... Rxe4 $2 39. Rxf7+ Kg6 40. Rxa7 $19) 39. Rd6+ Kg7 $17) 35... Rxd2 36. Nxd2 Ra2 37. Rd3 {[%emt 0:00:54] d7 would now be deadly.} Bd7 38. e5 {[%emt 0:00:38] [#]} (38. Kf3 $11) 38... Rxd2 $1 39. Rxd2 $17 {[%emt 0:00:01][%mdl 4096] Endgame KRN-KB} f3 $1 (39... Bxh3 $2 {is the wrong capture.} 40. d7 Bg5 41. d8=Q (41. d8=R Bh4+ 42. Kg1 Bg5 $18) 41... Bxd8 42. Rxd8 $18) 40. Ra2 {[%emt 0:00:55] This costs White the game.} (40. Rd5 $17 fxe2 41. Kxe2) 40... fxe2 $19 41. Kxe2 $2 (41. Rxa7 {was necessary.} Be6 (41... Bxh3 42. Rxf7+ Kg6 43. Rf6+ Kg7 44. Kxe2 $17) 42. Kxe2) 41... Bxh3 42. Rxa7 Be6 43. Kf3 Kg6 44. Ke4 Bg5 45. Ra1 h4 46. Rd1 (46. Rh1 $142) 46... h3 47. d7 Bd8 {[%emt 0:00:22] Strongly threatening ...Kg7.} 48. Kf4 Kg7 49. Kg3 Kf8 50. c4 Ke7 51. Rd6 Bxd7 {[%emt 0:01:06] ( -> ...Bc7)} 52. Rd5 Bb6 {[%emt 0:00:14] Black mates.} 53. Kh2 Be6 54. Rd1 Bc7 55. Re1 f6 {[%emt 0:00:05] Weighted Error Value: White=0.80/Black=0.09 (flawless)   Mistake:       	White=6     	Black=2      Inaccurate:     	White=3     	Black=1      OK:         	White=12    	Black=16     Best:        	White=3     	Black=7      Strong:       	White=1     	Black=3} 0-1

[Event "Fagernes Chess GM-Swiss 2025"]
[Site "Fagernes"]
[Date "2025.04.14"]
[Round "2.14"]
[White "Kulaots, Kaido"]
[Black "Gandrud, Vegar Koi"]
[Result "1/2-1/2"]
[Annotator "TA"]
[ECO "B94"]
[WhiteElo "2510"]
[BlackElo "2273"]
[PlyCount "58"]
[EventDate "2025.04.12"]
[EventCountry "NOR"]
[SourceTitle "playchess.com"]
[Source "ChessBase"]
[SourceQuality "1"]
[TimeControl "40/6000+30:2400+30"]

1. e4 c5 2. Nf3 d6 3. d4 cxd4 4. Nxd4 Nf6 5. Nc3 a6 6. Bg5 Nbd7 7. a3 {[%emt 0:00:17] B94: Sicilian Najdorf: 6 Bg5 Nbd7.} Qc7 8. Qd2 e6 9. O-O-O Be7 10. f3 h6 11. Be3 b5 12. g4 Bb7 13. h4 d5 14. exd5 (14. Rg1 $16) 14... Nxd5 $11 15. Nxd5 Bxd5 16. Bf4 $146 (16. Nf5 $11 Rc8 17. Bf4 (17. Nxg7+ $2 Kf8 $17)) (16. Be2 Rc8 17. Kb1 Ne5 18. g5 h5 19. Rh3 Nc4 20. Bxc4 Qxc4 21. b3 Qc3 22. Qxc3 Rxc3 {½-½ Kuspak,A (1858)-Stankiewicz,P (1771) POL 14th Olympiade U14 Boys 2008 (9)}) 16... Qb7 $15 17. Be2 Nb6 18. Kb1 ({Better is} 18. g5 $11) 18... f6 ({Black should play} 18... O-O $15) 19. Bg3 (19. Rhe1 $11) 19... Nc4 (19... O-O $17) 20. Bxc4 $11 bxc4 21. Qc3 {[%emt 0:05:39] [#]} e5 22. Nf5 {[%emt 0:00:18][%cal Oh1e1,Bd4f5,Bf5g7,Bg7e6,Be6c7][%mdl 32] Black must now prevent Rhe1!.} Bxf3 23. Qxc4 Bxh1 {[%emt 0:00:59] A strong pair of Bishops.} (23... Kf8 $5 24. Nxe7 Kxe7 $11 (24... Bxh1 25. Ng6+ Ke8 26. Qe6+) (24... Qxe7 25. Be1 $11)) 24. Nxg7+ {[%emt 0:01:29] The position is equal.} Kf8 25. Ne6+ Ke8 26. Nc7+ Kf8 27. Ne6+ Ke8 28. Ng7+ Kf8 29. Ne6+ Ke8 {[%emt 0:00:14] Weighted Error Value: White=0.21 (precise) /Black=0.25 (precise)   Mistake:       	White=4     	Black=2      Inaccurate:     	White=1     	Black=5      OK:         	White=13    	Black=3      Best:        	---       	Black=5} 1/2-1/2

[Event "Fagernes Chess GM-Swiss 2025"]
[Site "Fagernes"]
[Date "2025.04.14"]
[Round "2.15"]
[White "Kaewpitakkun, Pantham"]
[Black "Ghasi, Ameet K"]
[Result "0-1"]
[Annotator "RC"]
[ECO "B46"]
[WhiteElo "2026"]
[BlackElo "2502"]
[PlyCount "38"]
[EventDate "2025.04.12"]
[EventCountry "NOR"]
[SourceTitle "playchess.com"]
[Source "ChessBase"]
[SourceQuality "1"]
[TimeControl "40/6000+30:2400+30"]

1. e4 c5 2. Nf3 e6 3. d4 cxd4 4. Nxd4 Nc6 5. Nc3 a6 6. Be3 Nf6 7. a3 Be7 8. Qe2 Qc7 9. O-O-O b5 10. f3 Nxd4 11. Bxd4 e5 12. Bf2 Bxa3 13. Nd5 Nxd5 14. Rxd5 Be7 15. Bg3 d6 16. f4 exf4 17. Bxf4 Be6 18. Qh5 Qa5 19. Kb1 Bxd5 0-1

[Event "Fagernes Chess GM-Swiss 2025"]
[Site "Fagernes"]
[Date "2025.04.14"]
[Round "2.16"]
[White "Rozentalis, Eduardas"]
[Black "Southcott-Moyers, Indy"]
[Result "1/2-1/2"]
[Annotator "TA"]
[ECO "C49"]
[WhiteElo "2481"]
[BlackElo "2227"]
[PlyCount "103"]
[EventDate "2025.04.12"]
[EventCountry "NOR"]
[SourceTitle "playchess.com"]
[Source "ChessBase"]
[SourceQuality "1"]
[TimeControl "40/6000+30:2400+30"]

1. e4 e5 2. Nf3 Nc6 3. Nc3 Nf6 4. Bb5 Bb4 5. O-O O-O 6. d3 d6 7. Bg5 Ne7 8. Bxf6 gxf6 9. Ne2 c6 10. Ba4 d5 11. Ng3 Ng6 12. c3 Be7 13. Nf5 dxe4 14. dxe4 Qxd1 15. Rfxd1 Be6 16. Bb3 Rfd8 17. Bxe6 fxe6 18. Nxe7+ Nxe7 19. Kf1 Kf7 20. Ke2 Ng6 21. g3 Ke7 22. Nd2 Nh8 23. Nc4 Nf7 24. Ke3 Nd6 25. Nxd6 Rxd6 26. Rxd6 Kxd6 $14 {[%emt 0:00:03][%mdl 4096] Endgame. KR-KR} 27. Rd1+ Ke7 28. c4 c5 29. Rd3 Rb8 30. a4 b6 31. f4 {[%emt 0:04:26] The position is equal.} exf4+ 32. Kxf4 Rg8 33. a5 e5+ 34. Kf3 bxa5 35. Rb3 Rd8 36. h3 Rd4 37. Rb7+ Ke6 38. Rxh7 Rd3+ $1 39. Kf2 ({But not} 39. Kg4 Re3 $15) 39... Rd2+ 40. Ke3 Rxb2 41. Rxa7 Rb3+ 42. Kf2 Rc3 43. Rxa5 Rxc4 44. Kf3 Kf7 45. h4 Kg6 46. Ra6 Rb4 47. Rc6 Rc4 48. Rc8 Kh6 49. Kg4 {[%emt 0:00:00] [#] Kf5 would now be deadly.} Rxe4+ 50. Kf5 Re3 51. Kxf6 Rf3+ $1 52. Kxe5 {[%emt 0:00:09] Weighted Error Value: White=0.04 (flawless) /Black=0.05 (flawless) .  Inaccurate:     	---       	Black=1      OK:         	White=21    	Black=21     Best:        	---       	Black=1      Strong:       	---       	Black=2} 1/2-1/2

[Event "Fagernes Chess GM-Swiss 2025"]
[Site "Fagernes"]
[Date "2025.04.14"]
[Round "2.17"]
[White "Kaasen, Tor Fredrik"]
[Black "Brattgjerd, Isak Vinh"]
[Result "1-0"]
[Annotator "RC"]
[ECO "B12"]
[WhiteElo "2472"]
[BlackElo "2202"]
[PlyCount "115"]
[EventDate "2025.04.12"]
[EventCountry "NOR"]
[SourceTitle "playchess.com"]
[Source "ChessBase"]
[SourceQuality "1"]
[TimeControl "40/6000+30:2400+30"]

1. e4 c6 2. d4 d5 3. e5 c5 4. Nf3 cxd4 5. Nxd4 e6 6. Nd2 Nc6 7. N2f3 Nge7 8. Bd3 Nxd4 9. Nxd4 Nc6 10. Nf3 Qc7 11. Bf4 Nb4 12. O-O Be7 13. Nd4 Nxd3 14. cxd3 O-O 15. Qg4 Kh8 16. Rac1 Qa5 17. Bg5 Bxg5 18. Qxg5 Qb4 19. Nb3 b6 20. Rc3 Ba6 21. Rfc1 h6 22. Qe3 Rac8 23. Qd4 Qxd4 24. Nxd4 Rxc3 25. Rxc3 Rc8 26. Rxc8+ Bxc8 27. b4 g5 28. Nb5 Ba6 29. Nxa7 Bxd3 30. a4 Kg7 31. f3 Kg6 32. Nc8 Kf5 33. Kf2 Kxe5 34. Ke3 Bc2 35. Nxb6 Kd6 36. Kd2 Kc6 37. a5 Bg6 38. Nc8 Kb5 39. Nd6+ Ka6 40. Ne8 d4 41. Nf6 Kb5 42. Nd7 g4 43. fxg4 Be4 44. h4 Bc6 45. Ne5 f6 46. Nxc6 Kxc6 47. Kd3 e5 48. Kc4 Kb7 49. b5 Kc7 50. b6+ Kc6 51. h5 Kd6 52. a6 Kc6 53. a7 Kb7 54. g3 Ka8 55. Kc5 Kb7 56. Kd6 d3 57. a8=Q+ Kxa8 58. Kc7 1-0

[Event "Fagernes Chess GM-Swiss 2025"]
[Site "Fagernes"]
[Date "2025.04.14"]
[Round "2.18"]
[White "Skotheim, Andreas"]
[Black "Vestby-Ellingsen, Mads"]
[Result "1/2-1/2"]
[Annotator "RC"]
[ECO "B51"]
[WhiteElo "2229"]
[BlackElo "2398"]
[PlyCount "83"]
[EventDate "2025.04.12"]
[EventCountry "NOR"]
[SourceTitle "playchess.com"]
[Source "ChessBase"]
[SourceQuality "1"]
[TimeControl "40/6000+30:2400+30"]

1. e4 c5 2. Nf3 d6 3. Bb5+ Nd7 4. Ba4 Ngf6 5. O-O g6 6. Re1 Bg7 7. c3 O-O 8. d4 e5 9. h3 a6 10. dxe5 Nxe5 11. Nxe5 dxe5 12. Qxd8 Rxd8 13. Bc2 Be6 14. Be3 c4 15. Nd2 Nd7 16. b3 cxb3 17. Bxb3 Bxb3 18. axb3 Rac8 19. Nc4 b5 20. Na5 Nf8 21. c4 Ne6 22. c5 Nd4 23. Rac1 b4 24. Kf1 Rc7 25. Rc4 Rb8 26. Ra1 f5 27. Ra4 fxe4 28. c6 Rbc8 29. Raxb4 Nxc6 30. Nxc6 Rxc6 31. Rxc6 Rxc6 32. Rxe4 Rc2 33. Rb4 Rb2 34. Rb7 Bf8 35. Ra7 Rxb3 36. Rxa6 Rb7 37. Re6 Re7 38. Rxe7 Bxe7 39. Ke2 Kf7 40. Kd3 Ke6 41. Ke4 Bd6 42. g4 1/2-1/2

[Event "Fagernes Chess GM-Swiss 2025"]
[Site "Fagernes"]
[Date "2025.04.14"]
[Round "2.19"]
[White "Moksh Amit Doshi"]
[Black "Hebbar, Eshaan"]
[Result "1-0"]
[Annotator "RC"]
[ECO "E97"]
[WhiteElo "2369"]
[BlackElo "2175"]
[PlyCount "77"]
[EventDate "2025.04.12"]
[EventCountry "NOR"]
[SourceTitle "playchess.com"]
[Source "ChessBase"]
[SourceQuality "1"]
[TimeControl "40/6000+30:2400+30"]

1. d4 Nf6 2. c4 g6 3. Nc3 Bg7 4. e4 d6 5. Nf3 O-O 6. Be2 e5 7. O-O Nc6 8. d5 Ne7 9. b4 a5 10. bxa5 Rxa5 11. a4 Ne8 12. Be3 b6 13. Nd2 f5 14. f3 f4 15. Bf2 Ra8 16. Nb3 Nf6 17. Qc2 Nd7 18. a5 Nc5 19. axb6 Rxa1 20. Rxa1 cxb6 21. Nb5 g5 22. Ra7 h5 23. Nxc5 bxc5 24. Be1 Ng6 25. Ba5 Qf6 26. Bc7 g4 27. Bxd6 Rd8 28. Bxc5 Qg5 29. Bb6 Rf8 30. Nd6 Nh4 31. Nxc8 Rxc8 32. fxg4 hxg4 33. Bf1 g3 34. d6 gxh2+ 35. Kh1 Bf6 36. Qd2 Kh8 37. d7 Rg8 38. d8=Q Bxd8 39. Qd7 1-0

[Event "Fagernes Chess GM-Swiss 2025"]
[Site "Fagernes"]
[Date "2025.04.14"]
[Round "2.20"]
[White "Lund, Gunnar"]
[Black "Den Roover, Nikolay Jorgensen"]
[Result "1-0"]
[Annotator "RC"]
[ECO "A45"]
[WhiteElo "2341"]
[BlackElo "2004"]
[PlyCount "64"]
[EventDate "2025.04.12"]
[EventCountry "NOR"]
[SourceTitle "playchess.com"]
[Source "ChessBase"]
[SourceQuality "1"]
[TimeControl "40/6000+30:2400+30"]

1. d4 Nf6 2. Bg5 g6 3. Bxf6 exf6 4. e3 Bg7 5. c4 O-O 6. Nc3 f5 7. Nge2 d6 8. g3 c5 9. Bg2 cxd4 10. Nxd4 Nc6 11. Nde2 Be6 12. b3 Qa5 13. Rc1 f4 14. gxf4 Bg4 15. Qd2 Rac8 16. Nd5 Rfe8 17. Qxa5 Nxa5 18. h3 Be6 19. O-O Nc6 20. Rfd1 Kf8 21. Kh2 b6 22. Nec3 Bf5 23. Rd2 h6 24. Nb5 Red8 25. Ndc3 Ke7 26. Bxc6 Rxc6 27. Nxa7 Rc5 28. Nd5+ Kf8 29. b4 Rxd5 30. cxd5 g5 31. fxg5 hxg5 32. Kg2 Bf6 1-0

[Event "Fagernes Chess GM-Swiss 2025"]
[Site "Fagernes"]
[Date "2025.04.14"]
[Round "2.21"]
[White "Kreken, Eivind Grunt"]
[Black "Gasland, Lukas Dominik"]
[Result "1-0"]
[Annotator "RC"]
[ECO "B32"]
[WhiteElo "2326"]
[BlackElo "1994"]
[PlyCount "109"]
[EventDate "2025.04.12"]
[EventCountry "NOR"]
[SourceTitle "playchess.com"]
[Source "ChessBase"]
[SourceQuality "1"]
[TimeControl "40/6000+30:2400+30"]

1. e4 c5 2. Nf3 Nc6 3. d4 cxd4 4. Nxd4 e5 5. Nb5 a6 6. Nd6+ Bxd6 7. Qxd6 Qf6 8. Qd1 Qg6 9. Nc3 d5 10. Nxd5 Qxe4+ 11. Be3 Nd4 12. Nc7+ Ke7 13. Be2 Rb8 14. O-O Qc6 15. c3 Nxe2+ 16. Qxe2 Qxc7 17. Bb6 Qd6 18. Rad1 Bg4 19. Qe3 Qe6 20. Qc5+ Ke8 21. Qc7 Qc8 22. Qxe5+ Ne7 23. Rd8+ Qxd8 24. Bxd8 Rxd8 25. Re1 Be6 26. Qc7 f6 27. Qxb7 Kf7 28. Qxa6 Bd5 29. c4 Be4 30. f3 Bf5 31. c5 Rhe8 32. c6 Rd6 33. Qb7 Be6 34. c7 Rc6 35. Re3 Rc8 36. Rc3 R8xc7 37. Qxc7 Rxc7 38. Rxc7 Bxa2 39. b4 Ke6 40. b5 Kd6 41. b6 Nd5 42. Rc2 Nxb6 43. Rxa2 Nd5 44. Kf2 g5 45. h4 Ke6 46. Ra7 Ne7 47. Ra6+ Kf7 48. hxg5 fxg5 49. Ke3 Kg7 50. Ke4 h6 51. g3 Ng8 52. Kf5 Ne7+ 53. Ke6 Ng8 54. f4 gxf4 55. gxf4 1-0

[Event "Fagernes Chess GM-Swiss 2025"]
[Site "Fagernes"]
[Date "2025.04.14"]
[Round "2.22"]
[White "Fiskaaen, Martin Holten"]
[Black "Haugen, Lars Tormod"]
[Result "1-0"]
[Annotator "RC"]
[ECO "B27"]
[WhiteElo "2283"]
[BlackElo "1988"]
[PlyCount "47"]
[EventDate "2025.04.12"]
[EventCountry "NOR"]
[SourceTitle "playchess.com"]
[Source "ChessBase"]
[SourceQuality "1"]
[TimeControl "40/6000+30:2400+30"]

1. e4 c5 2. Nf3 g6 3. c3 Bg7 4. d4 cxd4 5. cxd4 d5 6. e5 a6 7. Be2 Nc6 8. O-O f6 9. Re1 fxe5 10. dxe5 e6 11. Bd3 Nh6 12. Bg5 Qc7 13. Nbd2 O-O 14. Rc1 Ng4 15. h4 Qf7 16. Rxc6 bxc6 17. Qa4 Nxe5 18. Rxe5 Bxe5 19. Nxe5 Qxf2+ 20. Kh2 Rb8 21. Nb3 c5 22. Ng4 Qe1 23. Nxc5 Rxb2 24. Qd4 1-0

[Event "Fagernes Chess GM-Swiss 2025"]
[Site "Fagernes"]
[Date "2025.04.14"]
[Round "2.23"]
[White "Hedman, Erik"]
[Black "Wernberg, Nikolai Olsen"]
[Result "1-0"]
[Annotator "RC"]
[ECO "B40"]
[WhiteElo "2276"]
[BlackElo "1893"]
[PlyCount "125"]
[EventDate "2025.04.12"]
[EventCountry "NOR"]
[SourceTitle "playchess.com"]
[Source "ChessBase"]
[SourceQuality "1"]
[TimeControl "40/6000+30:2400+30"]

1. e4 c5 2. Nf3 e6 3. g3 d5 4. exd5 exd5 5. d4 Nf6 6. Bg2 Be7 7. O-O O-O 8. dxc5 Bxc5 9. Nc3 Nc6 10. Bg5 Be6 11. Qd3 Bb4 12. Rad1 Rc8 13. a3 Bxc3 14. Qxc3 Ne4 15. Qxc6 bxc6 16. Bxd8 Rfxd8 17. Ne5 f6 18. Nxc6 Rxc6 19. Bxe4 Rb8 20. Bxd5 Bxd5 21. Rxd5 Rxb2 22. Rc1 Rcxc2 23. Rxc2 Rxc2 24. Rd8+ Kf7 25. Rd7+ Kg6 26. Rxa7 Ra2 27. Kg2 h5 28. h4 Kh6 29. Ra6 Kg6 30. Kf3 Kh6 31. a4 Kg6 32. Ra7 Kh6 33. Ra6 Kg6 34. Ra8 Kf5 35. a5 Ra4 36. a6 Ra2 37. Ra7 g6 38. Ra8 Ra4 39. Ke3 Ra2 40. Ra7 Ra4 41. Ra8 Ra2 42. a7 Ra1 43. f3 Ra4 44. Kd3 Ra1 45. Kd4 Ra5 46. Kc4 Ra1 47. Kc5 Rc1+ 48. Kd6 Rd1+ 49. Ke7 Ra1 50. Kf7 Ra2 51. Kg7 g5 52. Kh6 gxh4 53. gxh4 Ra3 54. Kxh5 Ra4 55. Rb8 Rxa7 56. Rb5+ Kf4 57. Kg6 Kxf3 58. h5 Ra6 59. Rf5+ Kg4 60. h6 Ra1 61. h7 Rh1 62. Rxf6 Rh5 63. Rf4+ 1-0

[Event "Fagernes Chess GM-Swiss 2025"]
[Site "Fagernes"]
[Date "2025.04.14"]
[Round "2.24"]
[White "Ostensen, Nicolai Maxime"]
[Black "Arvola, Daniel"]
[Result "1-0"]
[Annotator "RC"]
[ECO "E94"]
[WhiteElo "2260"]
[BlackElo "2088"]
[PlyCount "75"]
[EventDate "2025.04.12"]
[EventCountry "NOR"]
[SourceTitle "playchess.com"]
[Source "ChessBase"]
[SourceQuality "1"]
[TimeControl "40/6000+30:2400+30"]

1. c4 Nf6 2. d4 g6 3. Nc3 Bg7 4. e4 d6 5. Nf3 O-O 6. Be2 e5 7. d5 Nbd7 8. O-O h6 9. Qc2 Ne8 10. b4 a5 11. Ba3 f5 12. bxa5 Rxa5 13. Bb4 Ra8 14. a4 f4 15. Ne1 g5 16. Nd3 Ndf6 17. Rfc1 g4 18. Qd1 f3 19. gxf3 gxf3 20. Bxf3 Nh7 21. Bg2 Ng5 22. Kh1 Nf6 23. Qe2 Bg4 24. f3 Bh5 25. c5 Nfh7 26. Rf1 Qf6 27. cxd6 cxd6 28. Nb5 Rad8 29. Qe3 Nxf3 30. Nxd6 Rxd6 31. Bxd6 Qxd6 32. Bxf3 Bxf3+ 33. Rxf3 Rc8 34. Rc1 Ra8 35. Nc5 Ng5 36. Rg3 b6 37. Ne6 Nxe6 38. Qxh6 1-0